 Dungeon Crawl Stone Soup version 0.27-a0-1188-g73eefd5def (webtiles) character file.

Game seed: 16946595707825145195

4986 Armakuni the Fighter (level 10, -8/85 HPs)
             Began as a Human Artificer on May 20, 2021.
             Was a Believer of Elyvilon.
             Mangled by an orc warrior
             ... wielding a +0 glaive
              (17 damage)
             ... on level 9 of the Dungeon.
             The game lasted 00:36:58 (11602 turns).

Armakuni the Fighter (Human Artificer)             Turns: 11602, Time: 00:36:59

Health: -8/85      AC: 12    Str: 16    XL:     10   Next: 83%
Magic:  15/15      EV: 16    Int: 12    God:    Elyvilon [**....]
Gold:   757        SH:  0    Dex: 15    Spells: 9/9 levels left

rFire    . . .     SeeInvis .   a - +4 dire flail (freeze)
rCold    . . .     Faith    .   (shield currently unavailable)
rNeg     . . .     Spirit   .   x - +0 scale mail
rPois    .         Reflect  .   (no helmet)
rElec    .         Harm     .   (no cloak)
rCorr    .         Rampage  .   y - +0 pair of gloves
Will     +....                  (no boots)
Stlth    ..........             (no amulet)
HPRegen  0.24/turn              P - +4 ring of protection
MPRegen  0.14/turn              E - +4 ring of evasion

@: no status effects
A: agile 1, strong-willed 1, no potion heal 1
a: Renounce Religion, Lesser Healing, Heal Other, Divine Protection


You were on level 9 of the Dungeon.
You worshipped Elyvilon.
Elyvilon was pleased with you.
You visited 2 branches of the dungeon, and saw 10 of its levels.
You also visited: Ossuary.

You collected 757 gold pieces.

Inventory:

Hand Weapons
 a - a +4 dire flail of freezing (weapon)
 C - a +6 dagger
Armour
 n - a +0 tower shield
 x - a +0 scale mail (worn)
 y - a +0 pair of gloves (worn)
Jewellery
 E - a +4 ring of evasion (right hand)
 L - a ring of flight
 P - a +4 ring of protection (left hand)
Wands
 f - a wand of flame (11)
 h - a wand of digging (4)
Scrolls
 c - 4 scrolls of noise
 j - 2 scrolls of blinking
 k - a scroll of enchant armour
 p - 3 scrolls of teleportation
 q - 2 scrolls of immolation
 t - 2 scrolls of vulnerability
 v - 2 scrolls of fear
 A - 3 scrolls of fog
Potions
 g - 2 potions of heal wounds
 l - a potion of berserk rage
 m - 2 potions of lignification
 o - 3 potions of brilliance
 r - a potion of magic
 s - 3 potions of flight
 u - a potion of cancellation {unknown}
 w - a potion of attraction {unknown}
 z - a potion of curing
Miscellaneous
 e - a piece from Xom's chessboard (7/15)


   Skills:
 - Level 10.0 Fighting
 - Level 2.0 Short Blades
 + Level 3.8 Maces & Flails
 - Level 6.0 Armour
 - Level 6.1 Dodging
 - Level 1.0 Stealth
 + Level 7.0 Invocations
 - Level 3.0 Evocations


You had 9 spell levels left.
You didn't know any spells.
Your spell library contained the following spells:

 Spells                   Type           Power      Damage    Failure   Level
 Apportation              Tloc           0%         N/A       71%         1
 Foxfire                  Conj/Fire      0%         2x1d4     71%         1
 Conjure Flame            Conj/Fire      0%         6-21      97%         3
 Inner Flame              Hex/Fire       0%         N/A       97%         3
 Lesser Beckoning         Tloc           0%         N/A       97%         3
 Tukima's Dance           Hex            0%         N/A       97%         3
 Sticky Flame             Conj/Fire      0%         2d3       100%        4
 Alistair's Intoxication  Tmut/Pois      0%         N/A       100%        5
 Fireball                 Conj/Fire      0%         3d3       100%        5
 Invisibility             Hex            0%         N/A       100%        6


Dungeon Overview and Level Annotations

Branches:
Dungeon (9/15)             Temple (1/1) D:6            Lair (0/6) D:9
Ossuary (visited)
    Orc: D:9-12

Altars:
Ashenzari
Cheibriados
Dithmenos
Elyvilon
Fedhas
Gozag
Hepliaklqana
Kikubaaqudgha
Makhleb
Nemelex Xobeh
Okawaru
Qazlal
Ru
Sif Muna
Trog
Uskayaw
Vehumet
Wu Jian
Xom
Yredelemnul
Zin
The Shining One

Shops:
D:7 (


Innate Abilities, Weirdness & Mutations

You are agile. (Dex +2)
You are strong-willed. (Will+)
Potions are less effective at restoring your health.


Message History

The orc warrior shouts!
Found a stone staircase leading down.
Drop what? 30/52 slots (_ for help) (? for menu, Esc to quit)
You drop 19 poisoned darts.
Throw: dart (curare)
Press: ? - help, Q - select action, (/) - cycle Shift-Dir - straight line, f - orc warrior
Aim: an orc warrior, wielding a +0 glaive and wearing a +0 plate armour (64% to hit)
Okay, then.
You can now heal and attempt to pacify others.
The orc warrior hits you from afar with a +0 glaive!
The orc warrior hits you with a +0 glaive!
You closely miss the orc warrior.
The orc warrior hits you with a +0 glaive!!
Throw: dart (curare)
Press: ? - help, Q - select action, (/) - cycle Shift-Dir - straight line, f - orc warrior
Aim: an orc warrior, wielding a +0 glaive and wearing a +0 plate armour (64% to hit)
You throw a curare-tipped dart.
The curare-tipped dart hits the orc warrior.
The orc warrior is poisoned.
The orc warrior convulses.
The orc warrior seems to slow down.
The orc warrior is moderately wounded.
The orc warrior hits you with a +0 glaive.
You puncture the orc warrior! You freeze the orc warrior.
The orc warrior is severely wounded.
The orc warrior hits you with a +0 glaive!
* * * LOW HITPOINT WARNING * * *
You hit the orc warrior but do no damage.
The orc warrior is severely wounded.
The orc warrior hits you with a +0 glaive!!
* * * LOW HITPOINT WARNING * * *
Your system partially rejects the healing.
You feel much better.
You hit the orc warrior. You freeze the orc warrior.
The orc warrior is almost dead.
The orc warrior hits you with a +0 glaive!
* * * LOW HITPOINT WARNING * * *
You barely miss the orc warrior.
The orc warrior is almost dead.
The orc warrior hits you with a +0 glaive!
You die...

##..........
#P..P♣.P.P.♣ ..
##..P....P...
#.##...........P
#...............
...?.P....>.P..
####.....o......
#.......@.......
#.#.###..........P
#..#.#.>...........♣.
#..#...###(..........
#..##.# #<#....♣..P.
#..##.# #........P..
#..##.####....#......
#.............##..##.
####.##.............#


You could see an orc warrior (poisoned, slow).

Vanquished Creatures
  A wyvern (D:8)
  Grinder (D:4)
  Sigmund (D:5)
  A wraith (D:5)
  3 yaks (D:9)
  A basilisk (D:9)
  Edmund (D:5)
  A water moccasin (D:9)
  Duvessa (D:5)
  An ice beast (D:6)
  2 necrophages (D:7)
  4 centaurs
  An ogre (D:6)
  A phantom (D:5)
  A kobold brigand (D:7)
  A bullfrog (D:6)
  8 scorpions
  A water moccasin skeleton (D:6)
  4 killer bees (D:9)
  8 wights
  2 howler monkeys
  An electric eel (D:6)
  2 human zombies (Ossuary)
  5 orc priests
  A bullfrog skeleton (D:6)
  2 centaur skeletons (D:5)
  2 hounds (D:6)
  Ijyb (D:3)
  A scorpion zombie (Ossuary)
  4 iguanas
  4 orc wizards
  4 mummies
  2 gnolls (D:3)
  A howler monkey skeleton (D:5)
  5 adders
  2 dart slugs (D:1)
  14 orcs
  7 endoplasms
  2 giant cockroaches
  A gnoll zombie (Ossuary)
  10 goblins
  5 hobgoblins
  10 jackals
  5 quokkas
  5 ball pythons
  7 bats
  3 frilled lizards
  3 goblin zombies
  7 kobolds
  4 kobold zombies
  4 orc zombies (Ossuary)
  3 rats
172 creatures vanquished.

Vanquished Creatures (collateral kills)
  A yak (D:9)
  Eustachio (D:4)
  2 water moccasins (D:8)
  A scorpion (Ossuary)
  2 centaur zombies (Ossuary)
  An orc priest (D:8)
  An orc wizard (D:6)
  A gnoll (D:3)
  An adder (D:6)
  4 orcs
  A ball python (D:4)
  3 goblins (D:4)
  A hobgoblin (D:4)
  2 goblin zombies (Ossuary)
  A hobgoblin zombie (Ossuary)
  An orc zombie (Ossuary)
24 creatures vanquished.

Vanquished Creatures (others)
  A yak (D:9)
  2 wyverns
  A water moccasin (D:9)
  An ogre (D:6)
  3 scorpions (Ossuary)
  Dowan (D:5)
  A killer bee (D:6)
  A wight (D:7)
  A human zombie (Ossuary)
  A hound (D:4)
  A kobold zombie (Ossuary)
  A bush (D:9)
  4 fungi (D:9)
  15 plants (D:9)
34 creatures vanquished.

Grand Total: 230 creatures vanquished

Notes
Turn   | Place    | Note
-------+----------+-------------------------------------------
     0 | D:1      | Armakuni the Human Artificer began the quest for the Orb.
     0 | D:1      | Reached XP level 1. HP: 15/15 MP: 1/1
   105 | D:1      | Reached XP level 2. HP: 22/22 MP: 2/2
   126 | D:1      | Reached skill level 2 in Fighting
   315 | D:1      | Reached XP level 3. HP: 28/28 MP: 3/3
   466 | D:1      | Reached skill level 3 in Fighting
   767 | D:1      | Reached XP level 4. HP: 32/35 MP: 4/4
  1376 | D:2      | Found a faded altar of an unknown god.
  1430 | D:2      | Gained mutation: You are agile. (Dex +2) [potion of
                  | mutation]
  1430 | D:2      | Gained mutation: Potions are less effective at restoring
                  | your health. [potion of mutation]
  1430 | D:2      | Gained mutation: You are strong-willed. (Will+) [potion of
                  | mutation]
  1593 | D:3      | Reached skill level 4 in Fighting
  1695 | D:3      | Reached XP level 5. HP: 43/43 MP: 5/5
  1775 | D:3      | Reached skill level 5 in Fighting
  2030 | D:3      | Noticed Grinder
  2041 | D:3      | Paralysed by Grinder for 5 turns
  2247 | D:3      | Reached XP level 6. HP: 24/51 MP: 6/6
  2255 | D:3      | Noticed Ijyb
  2264 | D:3      | Killed Ijyb
  3231 | D:4      | Reached skill level 6 in Fighting
  3237 | D:4      | Noticed Eustachio
  3243 | D:4      | Killed Eustachio
  3260 | D:4      | Reached XP level 7. HP: 38/59 MP: 7/7
  3781 | D:4      | Reached skill level 7 in Fighting
  4121 | D:5      | Entered Level 5 of the Dungeon
  4162 | D:5      | Found a sand-covered staircase.
  4275 | Ossuary  | Entered an ossuary
  4699 | Ossuary  | Reached skill level 8 in Fighting
  4784 | Ossuary  | Reached XP level 8. HP: 68/68 MP: 8/8
  5239 | Ossuary  | Reached skill level 9 in Fighting
  5438 | D:5      | Noticed Sigmund
  5449 | D:5      | Killed Sigmund
  5572 | D:5      | Reached skill level 10 in Fighting
  5586 | D:5      | Reached skill level 1 in Short Blades
  5819 | D:5      | Noticed Dowan
  5822 | D:5      | Noticed Duvessa
  5828 | D:5      | Your ally died
  5861 | D:5      | Killed Duvessa
  5869 | D:5      | Reached XP level 9. HP: 15/78 MP: 9/9
  6465 | D:4      | Paralysed by Grinder for 4 turns
  6488 | D:4      | Paralysed by Grinder for 4 turns
  6493 | D:4      | Killed Grinder
  6839 | D:5      | Reached skill level 5 in Dodging
  7146 | D:5      | Noticed Edmund
  7163 | D:5      | Killed Edmund
  7887 | D:6      | Found a staircase to the Ecumenical Temple.
  7897 | Temple   | Entered the Ecumenical Temple
  8026 | Temple   | Became a worshipper of Elyvilon the Healer
  8107 | D:6      | Reached skill level 1 in Invocations
  8974 | D:6      | Reached XP level 10. HP: 54/85 MP: 11/11
  8979 | D:6      | Was placed under penance by Elyvilon
  9421 | D:7      | Found a sparkling altar of Nemelex Xobeh.
  9478 | D:7      | Found Qegats's Weapon Shoppe.
  9504 | D:7      | Reached skill level 5 in Armour
  9647 | D:7      | Was forgiven by Elyvilon
  9840 | D:7      | Reached * piety under Elyvilon
 10694 | D:8      | Reached skill level 5 in Invocations
 10969 | D:9      | Reached ** piety under Elyvilon
 10969 | D:9      | Found a staircase to the Lair.
 11020 | D:8      | Reached skill level 1 in Maces & Flails
 11602 | D:9      | Mangled by an orc warrior

Illustrated notes

Levels and vault maps discovered:
D:1:      scummos_arrival_forest, layout_rooms, nrook_uturn
D:2:      layout_rooms, shapermc_ecumenical_altar_notcrosses
D:3:      layout_basic, uniq_grinder, uniq_ijyb
D:4:      cheibrodos_greedy_goblins, layout_basic, uniq_eustachio
D:5:      layout_gridville, nicolae_ossuary_entry_giza, uniq_edmund,
          uniq_duvessa, uniq_crazy_yiuf_cottage, uniq_sigmund
D:6:      minmay_polygon_palace, layout_basic, minmay_temple_entry_ruins,
          amcnicky_mini_pool_medium
D:7:      layout_basic, lemuel_tele_altar, serial_shops, kennysheep_mini_moat
D:8:      layout_rooms
D:9:      layout_loops_ring, minmay_lair_entry_grove, erik_orc_1,
          skrybe_limestone_x, uniq_maurice
Temple:   kilobyte_greek_temple

Skill      XL: |  1  2  3  4  5  6  7  8  9 10 |
---------------+-------------------------------+-----
Fighting       | 2 3 4 5 6 8 10 | 10.0
Short Blades   | 2 |  2.0
Dodging        | 6 |  6.1
Armour         | 4 6 |  6.0
Invocations    | 2 7 |  7.0
Maces & Flails | 3 |  3.8
Stealth        | |  1.0
Evocations     | |  3.0

Action                   |  1- 3 |  4- 6 |  7- 9 | 10-12 || total
-------------------------+-------+-------+-------+-------++-------
Melee: Club              |    42 |    80 |       |       ||   122
       Dagger            |       |     2 |   359 |    73 ||   434
       Dire flail        |       |       |       |    79 ||    79
 Fire: Hand crossbow     |       |       |       |    34 ||    34
Throw: Dart              |    82 |   155 |    78 |    17 ||   332
Invok: Lesser Healing    |       |       |       |    10 ||    10
Evoke: Piece from Xom's  |     6 |     6 |    13 |     1 ||    26
       Wand              |     1 |    11 |    23 |    37 ||    72
  Use: Scroll            |     3 |     9 |     6 |     2 ||    20
       Potion            |       |     3 |     2 |     1 ||     6
 Stab: Paralysed         |     7 |       |       |       ||     7
       Confused          |       |       |     3 |     2 ||     5
Armor: Leather armour    |    17 |    12 |       |       ||    29
       Ring mail         |       |    52 |    84 |       ||   136
       Scale mail        |       |       |    49 |    66 ||   115
       Skin              |       |       |    21 |       ||    21
Dodge: Dodged            |    32 |    87 |   143 |   159 ||   421

Table legend: (Time is in decaauts)
 A = Elapsed time spent in this place.
 B = Non-inter-level travel time spent in this place.
 C = Inter-level travel time spent in this place.
 D = Time resting spent in this place.
 E = Time spent auto-exploring this place.
 F = Levels seen in this place.
 G = Mean time per level.
                   A        B        C        D        E       F      G
               +--------+--------+--------+--------+--------+-----+--------+
         Total |  11662 |  11338 |    324 |   2147 |   5992 |  11 | 1060.2 |
       Dungeon |  10345 |  10062 |    283 |   1819 |   5494 |   9 | 1149.4 |
        Temple |    171 |    130 |     41 |      0 |    101 |   1 |  171.0 |
       Ossuary |   1144 |   1144 |      0 |    328 |    397 |   1 | 1144.0 |
               +--------+--------+--------+--------+--------+-----+--------+

Top non-repeatable levels by time:
     D:5: 1999 daAuts
     D:6: 1688 daAuts
     D:3: 1606 daAuts
     D:4: 1333 daAuts
     D:7: 1169 daAuts
 Ossuary: 1144 daAuts
     D:1: 781 daAuts
     D:2: 672 daAuts
     D:8: 579 daAuts
     D:9: 513 daAuts
  Temple: 171 daAuts
